Unix NetHack Version 5.0.0-0 post-release - last build May 31 2026 23:59:36 (970b52f25bf058293b47ddfd14a1e40e571c508c,branch:main).

Game began 2026-06-01 18:16:04, ended 2026-06-01 18:29:11.

Eymerich, chaotic male elven Priest

                     -----------
  -----              |.........|          -------
  |....              |.........|         0|.$...|
  |...| #            |.........)##%##f#@d#......|
  |...| ####         |.........|         #|.....|
  |....##  ###      #..........|          |>....|
  -.--- ## # ###0   #-----------          --.----
   ###          ########                   ###
     ####           #
        ##
         #
         ##         .
 ---------|--       $
 |..........|       .
 |<.........|       .
 |..........|       .
 ------------      ---

Eymerich the Acolyte         St:10 Dx:11 Co:14 In:8 Wi:20 Ch:13  Chaotic
Dlvl:4  $:37 HP:0(24) Pw:34(34) AC:8  Xp:3 T:1141 

Latest messages:
 B - 2 yellowish brown gems.
 What do you want to ready? [$kA or ?*]
 You are wielding that.  Ready it instead? [ynq] (q)
 Your mace remains wielded.
 What do you want to ready? [$kA or ?*]
 A - 9 corroded darts (at the ready).
 In what direction?
 The dart misses the rothe.
 In what direction?
 The dart misses the rothe.
 You miss the rothe.
 You miss the rothe.
 The rothe hits!
 The rothe bites!
 The rothe bites again!
 The rothe hits!
 The rothe bites!
 The rothe bites again!
 You hit the rothe!
 The rothe just misses!
 The rothe bites!
 The rothe bites again!
 What do you want to use or apply? [g-ikoqrt-v or ?*]
 Improvise? [ynq] (q)
 You start playing your tooled horn.
 You produce a frightful, grave sound.
 The rothe turns to flee.
 The rothe turns to flee.
 You hear a door open.
 You hit the rothe.
 You hit the rothe.
 You see here a corroded dart.
 A - a corroded dart (at the ready) (8 in total).
 You see here a corroded dart.
 A - a corroded dart (at the ready) (9 in total).
 You hit the rothe.
 You hear bubbling water.
 You kill the bat!
 You see here a bat corpse.
 C - a bat corpse.
 You climb up the stairs.
 The coyote bites!
 The coyote bites!
 The coyote bites!
 What do you want to throw? [$kA or ?*]
 In what direction?
 The kitten seems more amiable.
 The coyote bites!
 You die...
 Do you want your possessions identified? [ynq] (y)

Inventory:
 Coins    ('$')
  $ - 37 gold pieces
 Weapons  (')')
  A - 9 corroded +0 darts (at the ready)
  a - a blessed +1 mace (weapon in right hand)
  k - a +0 ranseur (alternate weapon; not wielded)
 Armor    ('[')
  c - a +0 small shield
  b - a +0 robe (being worn)
 Comestibles  ('%')
  e - a clove of garlic
  x - a lembas wafer
  f - a sprig of wolfsbane
 Spellbooks  ('+')
  h - a blessed spellbook of create monster
  g - a spellbook of healing
 Potions  ('!')
  s - a blessed potion of object detection
  m - 2 potions of object detection
  p - a cursed potion of object detection
  z - a potion of polymorph
  j - a blessed potion of restore ability
  d - 4 potions of holy water
 Wands    ('/')
  u - a wand of light (0:10)
 Tools    ('(')
  i - a tooled horn
  o - a mirror
  q - a mirror
  r - a mirror
  t - a mirror
  v - a cursed tin whistle
 Gems/Stones  ('*')
  y - 2 obsidian stones named soft
  w - a worthless piece of red glass named soft
  B - 2 worthless pieces of yellowish brown glass

Eymerich the Priest's attributes:

Background:
 You were an Acolyte, a level 3 elven Priest.
 You were chaotic, on a mission for Huhetotl
 who was opposed by Quetzalcoatl (lawful) and Camaxtli (neutral).
 You were right-handed.
 You were in the Dungeons of Doom, on level 4.
 You entered the dungeon 1141 turns ago.
 There was a full moon in effect when your adventure ended.
 You had 48 experience points, 32 more were needed to attain level 4.

Basics:
 You had 0 out of 24 hit points.
 You had all 34 energy points (spell power).
 Your armor class was 8.
 Your wallet contained 37 zorkmids.
 Autopickup was off.

Final Characteristics:
 Your strength was 10 (limit:18).
 Your dexterity was 11 (limit:18).
 Your constitution was 14 (limit:16).
 Your intelligence was 8 (limit:20).
 Your wisdom was 20 (limit:20).
 Your charisma was 13 (limit:18).

Final Status:
 You weren't hungry.
 You were unencumbered.
 You were wielding a mace.
 You had basic skill with mace.

Final Attributes:
 You were devoutly aligned.
 You were telepathic.
 You had infravision.
 You were guarded.
 Your spell casting was enhanced by wearing a robe.
 You were lucky.
 You are dead.

Miscellaneous:
 You encountered 1 bones level.
 Total elapsed playing time was 13 minutes and 5 seconds.

Major events:
 Turn
    1: Eymerich the chaotic elven Priest entered the dungeon
 1063: attained the rank of Acolyte (level 3)
 1141: killed by a coyote

Spells:
 Name                 Level Category     Fail Retention
 healing                1   healing        0%  76%-100%
 create monster         2   clerical       0%  91%-100%

Skills:
 Fighting Skills
   bare handed combat [Unskilled]
 Weapon Skills
   club               [Unskilled]
   mace               [Basic]
   morning star       [Unskilled]
   flail              [Unskilled]
   hammer             [Unskilled]
   quarterstaff       [Unskilled]
   polearms           [Unskilled]
   spear              [Unskilled]
   trident            [Unskilled]
   lance              [Unskilled]
   bow                [Unskilled]
   sling              [Unskilled]
   crossbow           [Unskilled]
   dart               [Unskilled]
   shuriken           [Unskilled]
   boomerang          [Unskilled]
   unicorn horn       [Unskilled]
 Spellcasting Skills
   healing spells     [Unskilled]
   divination spells  [Unskilled]
   clerical spells    [Basic]

Voluntary challenges:
 Character rerolling was not enabled.
 You were illiterate.
 You never genocided any monsters.
 You never polymorphed an object.
 You never changed form.
 You used no wishes.
Achievement:
 You attained the rank of Acolyte.

 The Dungeons of Doom: levels 1 to 5
    Level 1:
       A grave.
    Level 2:
       Some fountains, many trees.
    Level 3:
    Level 4: <- You were here.
       Final resting place for
          you, killed by a coyote,
          FutureTim-Val-Hum-Fem-Law, killed by a coyote, while frozen by a floating eye's gaze.
    Level 5:


Vanquished creatures:
  7 wood nymphs
  a shrieker
  a floating eye
  2 large kobolds
  a jackal
  a goblin
  3 sewer rats
  7 grid bugs
  a bat
  a kobold zombie
  6 newts
31 creatures vanquished.

No species were genocided or became extinct.

Game over:
                       ----------
                      /          \
                     /    REST    \
                    /      IN      \
                   /     PEACE      \
                  /                  \
                  |     Eymerich     |
                  |      37 Au       |
                  |   killed by a    |
                  |      coyote      |
                  |                  |
                  |                  |
                  |       2026       |
                 *|     *  *  *      | *
        _________)/\\_//(\/(/\)/\//\/|_)_______

Goodbye Eymerich the Priest...

You died in The Dungeons of Doom on dungeon level 4 with 436 points,
and 37 pieces of gold, after 1141 moves.
You were level 3 with a maximum of 24 hit points when you died.

